 Dungeon Crawl Stone Soup version 0.25-a0-518-g7669666 (webtiles) character file.

Game seed: 10702264185293449668, levelgen mode: deterministic

1918 robertstho the Covert (level 8, -4/57 HPs)
             Began as a Vampire Necromancer on Feb 17, 2020.
             Was a Follower of Kikubaaqudgha.
             Slain by a killer bee (9 damage)
             ... on level 9 of the Dungeon.
             The game lasted 00:15:40 (5957 turns).

robertstho the Covert (Vampire Necromancer)         Turns: 5957, Time: 00:15:42

Health: -4/57      AC:  3    Str:  7    XL:     8   Next: 95%
Magic:  15/15      EV: 14    Int: 20    God:    Kikubaaqudgha [*.....]
Gold:   327        SH:  0    Dex: 14    Spells: 6/17 levels left

rFire    . . .     SeeInvis +   k - +3 great sword (freeze)
rCold    . . .     Gourm    .   (shield currently unavailable)
rNeg     . . .     Faith    .   a - +0 robe
rPois    +         Spirit   .   l - +0 helmet
rElec    .         Reflect  .   (no cloak)
rCorr    .         Harm     .   (no gloves)
MR       .....                  (no boots)
Stlth    ++........             (no amulet)
HPRegen  0.39/turn              h - ring of poison resistance
MPRegen  0.14/turn              (no ring)

@: confused, lethally poisoned (-4 -> -20), regenerating quickly, studying
Throwing
A: no food, fangs 3, see invisible, unbreathing
a: Exsanguinate, Receive Corpses, Renounce Religion


You were on level 9 of the Dungeon.
You worshipped Kikubaaqudgha.
Kikubaaqudgha was aware of your devotion.
You were alive.

You visited 2 branches of the dungeon, and saw 10 of its levels.

You collected 327 gold pieces.

Inventory:

Hand Weapons
 c - a +2 short sword of venom
 k - a +3 great sword of freezing (weapon)
Missiles
 b - a throwing net (quivered)
 u - 39 poisoned darts
Armour
 a - a +0 robe (worn)
 l - a +0 helmet (worn)
Jewellery
 h - a ring of poison resistance (left hand)
Wands
 d - a wand of iceblast (19)
Scrolls
 e - a scroll of remove curse
 f - 3 scrolls of teleportation
 j - a scroll of fog
 n - a scroll of enchant armour
 o - a scroll of enchant weapon {unknown}
 p - 4 scrolls of fear {unknown}
 q - a scroll of amnesia {unknown}
Potions
 g - a potion of cancellation
 i - a potion of might
 m - a potion of flight
Books
 t - a manual of Throwing


   Skills:
 + Level 2.4 Fighting
 + Level 4.3(4.7) Short Blades
 + Level 2.3(3.5) Long Blades
 + Level 4.2 Dodging
 * Level 9.4 Stealth
 * Level 5.2 Spellcasting
 * Level 7.3 Necromancy


You had 6 spell levels left.
You knew the following spells:

 Your Spells              Type           Power        Failure   Level  Hunger
a - Pain                  Necr           ####         1%          1    N/A
b - Animate Skeleton      Necr           N/A          1%          1    N/A
c - Vampiric Draining     Necr           ####......   1%          3    N/A
d - Animate Dead          Necr           N/A          5%          4    N/A
e - Sublimation of Blood  Necr           ####......   1%          2    N/A

Your spell library contained the following spells:

 Spells                   Type           Power        Failure   Level  Hunger
 Corpse Rot               Necr/Air       N/A          3%          2    N/A
 Beastly Appendage        Tmut           #.....       12%         1    N/A
 Foxfire                  Conj/Fire      #...         12%         1    N/A
 Agony                    Necr           ####....     16%         5    N/A
 Poisonous Vapours        Pois/Air       #.....       17%         2    N/A
 Sticks to Snakes         Tmut           #.......     17%         2    N/A
 Conjure Flame            Conj/Fire      #.......     34%         3    N/A
 Inner Flame              Hex/Fire       #.......     34%         3    N/A
 Mephitic Cloud           Conj/Pois/Air  #.......     34%         3    N/A
 Spider Form              Tmut/Pois      #.........   34%         3    N/A
 Ice Form                 Ice/Tmut       #.......     75%         4    N/A
 Sticky Flame             Conj/Fire      #.......     75%         4    N/A
 Blade Hands              Tmut           #.........   97%         5    N/A
 Fireball                 Conj/Fire      #.........   97%         5    N/A
 Freezing Cloud           Conj/Ice/Air   #.........   100%        6    N/A
 Ring of Flames           Chrm/Fire      #.........   100%        7    N/A

Dungeon Overview and Level Annotations

Branches:
Dungeon (9/15)             Temple (1/1) D:5
   Lair: D:8-11         Orc: D:9-12

Altars:
Ashenzari
Cheibriados
Dithmenos
Elyvilon
Fedhas
Gozag
Hepliaklqana
Kikubaaqudgha
Makhleb
Nemelex Xobeh
Ru
Sif Muna
Trog
Uskayaw
Vehumet
Wu Jian
Xom
Yredelemnul
Zin
The Shining One

Shops:
D:5 }   D:8 (

Annotations:
D:3 2 transporters, lordlovebone's ghost, amateur DsWn


Innate Abilities, Weirdness & Mutations

You do not eat.
Your natural rate of healing is unusually fast.
You have razor-sharp teeth.
You have supernaturally acute eyesight. (SInv)
You can survive without breathing.


Message History

The killer bee poisons you! The killer bee stings you.
* * * LOW HITPOINT WARNING * * *
The killer bee barely misses you. The killer bee stings you!
* * * LOW HITPOINT WARNING * * *
You are more poisoned.
The killer bee poisons you! The killer bee closely misses you. x2
Unknown command.
Unknown command.
Unknown command.
Unknown command.
Okay, then.
You're too confused!
You miss the killer bee.
* * * LOW HITPOINT WARNING * * *
You feel very sick. The killer bee stings you.
* * * LOW HITPOINT WARNING * * *
The killer bee misses you. The killer bee stings you!
You die...
Kikubaaqudgha rasps: "You have failed me!
Welcome... death!"

#.#..# #.#...
#.#..# #.#..#
#.#..# #.#..#
#.#†.####..##
#@#..h.......
#yyhh.†......
####†........
###.###.#. .#
# .# .# .#


You could see 2 killer bees and 2 jackals.

Vanquished Creatures
  A sky beast (D:7)
  An ogre (D:8)
  2 bullfrogs
  A gnoll sergeant (D:8)
  A scorpion (D:8)
  11 killer bees
  3 howler monkeys
  2 wights
  An electric eel (D:7)
  A crimson imp (D:7)
  5 hounds
  A centaur skeleton (D:6)
  2 orc priests (D:3)
  Natasha (D:3)
  An iguana (D:5)
  A worker ant (D:2)
  A hound skeleton (D:6)
  4 gnolls
  9 adders
  A howler monkey skeleton (D:7)
  2 oozes
  An adder skeleton (D:6)
  2 worms
  7 dart slugs
  4 leopard geckos
  10 orcs
  9 bats
  2 giant cockroaches
  A goblin (D:3)
  5 hobgoblins
  8 jackals
  4 quokkas
  2 ball pythons
  7 frilled lizards
  9 kobolds
  8 rats
131 creatures vanquished.

Vanquished Creatures (collateral kills)
  A phantom (D:5)
  An ogre (D:7)
  A wight (D:7)
  Natasha (D:3)
  A hound skeleton (D:5)
  A gnoll (D:8)
  A worm (D:2)
  A dart slug (D:2)
  A leopard gecko (D:8)
  2 goblins
  A hobgoblin (D:2)
  A jackal (D:5)
  A kobold (D:3)
  A bat (D:3)
  A frilled lizard (D:3)
16 creatures vanquished.

Vanquished Creatures (others)
  4 plants (D:3)
4 creatures vanquished.

Grand Total: 151 creatures vanquished

Notes
Turn   | Place    | Note
-------+----------+-------------------------------------------
     0 | D:1      | robertstho the Vampire Necromancer began the quest for the
                  | Orb.
     0 | D:1      | Reached XP level 1. HP: 13/13 MP: 3/3
    21 | D:1      | Learned a level 1 spell: Animate Skeleton
   202 | D:1      | Reached XP level 2. HP: 19/19 MP: 5/5
   495 | D:2      | Reached skill level 4 in Stealth
   518 | D:2      | Found a sacrificial altar of Ru.
   530 | D:2      | Reached skill level 5 in Necromancy
   530 | D:2      | Reached XP level 3. HP: 20/24 MP: 6/6
   604 | D:2      | Reached XP level 4. HP: 12/30 MP: 7/7
  1526 | D:3      | Reached skill level 5 in Stealth
  1542 | D:3      | Learned a level 3 spell: Vampiric Draining
  1574 | D:3      | Reached skill level 1 in Short Blades
  1599 | D:3      | Noticed a bullfrog
  1606 | D:3      | Killed a bullfrog
  1606 | D:3      | Reached XP level 5. HP: 18/36 MP: 8/8
  1644 | D:3      | Found a transporter.
  1808 | D:3      | Reached XP level 6. HP: 42/42 MP: 10/10
  1860 | D:3      | Noticed Natasha
  1869 | D:3      | Killed Natasha
  1980 | D:3      | Found a blossoming altar of Fedhas.
  2030 | D:3      | Noticed Natasha
  2035 | D:3      | Killed Natasha
  2035 | D:3      | Reached skill level 1 in Fighting
  2095 | D:3      | Found a transporter.
  2201 | D:3      | Noticed lordlovebone's ghost (amateur DsWn)
  2334 | D:4      | Found a shadowy altar of Dithmenos.
  2649 | D:5      | Entered Level 5 of the Dungeon
  2687 | D:5      | Found Ocvewn's Gadget Emporium.
  2839 | D:5      | Found a staircase to the Ecumenical Temple.
  2892 | Temple   | Entered the Ecumenical Temple
  2897 | Temple   | Became a worshipper of Kikubaaqudgha
  3061 | D:5      | Learned a level 4 spell: Animate Dead
  3127 | D:5      | Reached skill level 6 in Stealth
  3127 | D:5      | Reached XP level 7. HP: 34/48 MP: 12/12
  3455 | D:6      | Noticed an orc knight
  3572 | D:6      | Found a bloodstained altar of Trog.
  3580 | D:6      | Found a hazy altar of Hepliaklqana.
  3652 | D:6      | You fall into a shaft and drop 1 floor!
  3972 | D:7      | Reached * piety under Kikubaaqudgha
  3972 | D:7      | Identified Kikubaaqudgha's Volume of Darkness
                  | (Kikubaaqudgha gifted it to you on level 7 of the Dungeon)
  3972 | D:7      | Received a gift from Kikubaaqudgha
  3973 | D:7      | Reached skill level 7 in Stealth
  3983 | D:7      | Learned a level 2 spell: Sublimation of Blood
  3993 | D:7      | Reached XP level 8. HP: 56/56 MP: 14/14
  4393 | D:8      | Reached skill level 8 in Stealth
  4919 | D:6      | Found an ornate altar of the Wu Jian Council.
  5232 | D:8      | Reached skill level 1 in Long Blades
  5315 | D:8      | Reached skill level 9 in Stealth
  5316 | D:8      | Found a shimmering blue altar of Sif Muna.
  5356 | D:8      | Reached skill level 5 in Spellcasting
  5509 | D:8      | Found Sadual's Weapon Shoppe.
  5956 | D:9      | HP: 1/57 [killer bee (7)]
  5957 | D:9      | Slain by a killer bee

Levels and vault maps discovered:
D:1:      saegor_arrival_simple_b, layout_loops_ring,
          chequers_serial_rivers_micro_e, minmay_bisected
D:2:      minmay_angry_zag, layout_basic, first_ration, hangedman_ru_absence
D:3:      layout_rooms, lemuel_coloured_pillars_altar,
          gammafunk_ghost_gnarly_gnolls, minmay_cupped, uniq_natasha
D:4:      layout_cave_pools, grunt_dithmenos_smoke_and_mirrors
D:5:      layout_basic, minmay_temple_entry_ruins, serial_shops,
          nicolae_shop_temple_entry_statues_fountains
D:6:      layout_rooms, nicolae_overflow_hidden_temple, minmay_manual_mail
D:7:      layout_cave_pods, grunt_decor_one_mirror, grunt_ogre_cave,
          minivault_14, eino_jars
D:8:      layout_loops_ring, serial_shops, shop, grunt_decor_mini_mirrors,
          lemuel_tele_altar
D:9:      layout_loops_ring, special_room [special_room_orc],
          minmay_misc_feat_four_crosses
Temple:   minmay_freezing_vapour_temple

Skill      XL: |  1  2  3  4  5  6  7  8 |
---------------+-------------------------+-----
Stealth        | 4 5 6 7 9 |  9.4
Necromancy     | 5 6 7 |  7.3
Short Blades   | 1 2 3 4 |  4.3
Dodging        | 3 4 |  4.2
Fighting       | 1 2 |  2.4
Spellcasting   | 3 4 5 |  5.2
Long Blades    | 2 |  2.3

Action                   |  1- 3 |  4- 6 |  7- 9 || total
-------------------------+-------+-------+-------++-------
Melee: Short sword       |    60 |   228 |   116 ||   404
       Bite              |     2 |    16 |    16 ||    34
       Great sword       |       |       |    43 ||    43
 Cast: Animate Skeleton  |     6 |    30 |     1 ||    37
       Pain              |     2 |     4 |     1 ||     7
       Vampiric Draining |       |     3 |     2 ||     5
       Animate Dead      |       |     1 |    17 ||    18
  Use: Scroll            |     2 |     7 |     2 ||    11
       Potion            |       |       |     4 ||     4
 Stab: Sleeping          |     3 |     7 |    15 ||    25
       Distracted        |       |       |     1 ||     1
Armor: Robe              |    12 |    42 |    12 ||    66
Dodge: Dodged            |    51 |   153 |   123 ||   327
       Rpst.: Great sword |       |       |    16 ||    16

Table legend:
 A = Non-vault XP
 B = Vault XP
 C = Vault XP percentage of total XP
 D = Non-vault monster count
 E = Vault monster count
 F = Vault count percentage of total count
                 A         B        C        D         E       F
            +---------+---------+-------+---------+---------+-------
      Total |    2026 |     714 |  26.1 |     125 |      22 |  15.0
            +---------+---------+-------+---------+---------+-------
        D:1 |      38 |       4 |   9.5 |      16 |       3 |  15.8
        D:2 |      69 |      48 |  41.0 |      25 |       4 |  13.8
        D:3 |     265 |      49 |  15.6 |      28 |       5 |  15.2
        D:4 |      64 |       0 |   0.0 |       5 |       0 |   0.0
        D:5 |     242 |       0 |   0.0 |      14 |       0 |   0.0
        D:6 |     106 |      18 |  14.5 |       4 |       1 |  20.0
        D:7 |     393 |     595 |  60.2 |      10 |       9 |  47.4
        D:8 |     664 |       0 |   0.0 |      19 |       0 |   0.0
        D:9 |     185 |       0 |   0.0 |       4 |       0 |   0.0
            +---------+---------+-------+---------+---------+-------
